Map: 16 bitów ER

Players

Danios

  • Race: Protoss Protoss
  • League: Platinum
  • Spawn Location: 7:00

Maareks - Winner!

  • Race: Zerg Zerg
  • League: Diamond
  • Spawn Location: 1:00

VOD

Have the link to the VOD?

Description

ravager rush in 3:00 at enemy base
Protoss Danios
Zerg Maareks

Time

  • Played on: June 4, 2018, 1:39 p.m.
  • Length: 3:24
Show
View Real Time Build Order
Export as new Build Order

Danios Protoss 

Build Orders: 1 Gate Expand 

Get SALT Encoding   

  12  0:01  Probe  
  13  0:13  Probe  
  14  0:19  Pylon  
  14  0:25  Probe  
  15  0:38  Gateway  
  15  0:39  Probe  
  16  0:47  Assimilator, Probe  
  16  0:55  Probe  
  18  1:07  Probe  
  19  1:26  Nexus  
  19  1:36  Cybernetics Core  
  19  1:42  Probe  
  20  1:47  Pylon  
  20  1:52  Assimilator  
  20  1:55  Probe  
  21  2:05  Adept  
  21  2:07  Probe  
  24  2:17  Twilight Council  
  24  2:47  Probe  
  25  2:55  Probe  
  27  3:05  Probe  
Show
View Real Time Build Order
Export as new Build Order

Maareks Zerg - Winner!

Build Orders: Pool Only, Ravager All-In 

Get SALT Encoding   

  12  0:02  Drone  
  13  0:09  Drone  
  14  0:28  Spawning Pool  
  13  0:30  Drone  
  13  0:35  Extractor  
  13  0:36  Drone  
  14  0:46  Overlord  
  14  0:55  Extractor  
  13  0:58  Drone  
  14  1:17  Drone, Roach Warren, Zergling x2  
  15  1:25  Overlord  
  15  1:57  Roach x2  
  15  1:58  Roach  
  21  2:18  Ravager x3  
  21  2:20  Roach  
  26  2:41  Roach  
  26  2:42  Roach  
  29  2:47  Overlord  
Tags
 
Add a new tag
Caveats
  • Supply blocks, unpowered buildings, or Contaminate may cause inaccurate times.
  • Supply counts are checked every 10 seconds.